cohdb
Replays
Latest Replays
All Replays
Popular Replays
Top Player Replays
Match Explorer
How It Works
Community
CoH3 Stats
Reddit
Sign in to upload your games and track your stats! →
Sign in with Steam
Match 46409999
Unlisted
Match 46409999
Overview
Messages
Build Orders
End
Selects Terror Battlegroup
Selects Terror Battlegroup
Kettenkrad Recon Vehicle
Construct Infanterie Kompanie
MG 42 Machine Gun Team
Selects Machine Gun Camouflage
Grenadier Squad
Grenadier Squad
GrW 34 Mortar Team
Construct Panzergrenadier Kompanie
Medical Station
Kettenkrad Recon Vehicle
Construct Panzer Kompanie
Selects No Quarter
Panzergrenadier Squad
Freeze
KoMoDЫ4
_Nemez_
Barka
schultz110
Belfegor ๏̯͡๏
PasDeQuartier
Gandhi
0
0
Comments
sign in to comment!
No comments posted yet!